 Dungeon Crawl Stone Soup version 0.31-a0-858-g469dc525a8 (webtiles) character file.

Game seed: 12063753422815929673

120645 IndexError the Warrior (level 16, -9/108 HPs)
             Began as a Gargoyle Earth Elementalist on Oct 5, 2023.
             Was a High Priest of Sif Muna.
             Splashed by a goliath frog's acid (10 damage)
             ... on level 2 of the Swamp on Oct 9, 2023.
             The game lasted 01:22:16 (37576 turns).

IndexError the Warrior (GrEE)                      Turns: 37576, Time: 01:22:16

Health: -9/108     AC: 21    Str: 11    XL:     16   Next: 82%
Magic:  16/32      EV: 17    Int: 25    God:    Sif Muna [*****.]
Gold:   2328       SH:  0    Dex: 11    Spells: 7/39 levels left

rFire   + + +        h - +4 dagger (drain)
rCold   + + .        (no shield)
rNeg    + . .        x - +2 robe "Qocoacer" {Will+ Dex+3 Slay+3}
rPois   ∞            R - +2 helmet {SInv}
rElec   +            s - +1 cloak
rCorr   .            N - +2 pair of gloves
SInv    +            K - +2 pair of boots {Fly}
Will    +++..        X - amulet of Nilideiss {Fly rElec rF+ Regen+}
Stlth   +++          S - ring "Zowaq" {rC++ EV+5}
HPRegen 1.18/turn    D - ring "Wirattei" {Fly rF+++ Will+ Dex-2 Stlth-}
MPRegen 0.23/turn

%: no passive effects
@: corroded, flying
A: sickness immunity, AC +12, big wings, negative energy resistance 1,
electricity resistance, torment resistance 1, petrification resistance
a: Renounce Religion, Channel Magic, Forget Spell, Divine Exegesis


You were on level 2 of the Swamp.
You worshipped Sif Muna.
Sif Muna was extremely pleased with you.
You visited 5 branches of the dungeon, and saw 25 of its levels.

You collected 2883 gold pieces.
You spent 555 gold pieces at shops.

Inventory:

Hand Weapons
 h - a +4 dagger of draining (weapon)
   (You found it on level 1 of the Dungeon)
Missiles
 d - 2 atropa-tipped darts
 p - 5 darts of dispersal {=f}
 O - 2 throwing nets {=f, !d}
 P - 4 silver javelins
 Y - 3 datura-tipped darts
Armour
 s - a +1 cloak (worn)
   (You found it on level 4 of the Dungeon)
 x - the +2 robe "Qocoacer" (worn) {Will+ Dex+3 Slay+3}
   (You bought it in a shop on level 2 of the Orcish Mines)

   Dex+3:     It affects your dexterity (+3).
   Slay+3:    It affects your accuracy & damage with ranged weapons and melee
   (+3).
   Will+:     It increases your willpower.
 K - a +2 pair of boots of flying (worn)
   (You found it on level 14 of the Dungeon)
 N - a +2 pair of gloves (worn)
   (You found it on level 10 of the Dungeon)
 R - a +2 helmet of see invisible (worn)
   (You found it on level 11 of the Dungeon)
Jewellery
 a - a ring of resist corrosion
   (You found it on level 3 of the Lair of Beasts)
 m - the amulet of Vitality {RegenMP++ Regen++}
   (You found it on level 15 of the Dungeon)

   [amulet of magic regeneration]

   RegenMP:   It increases your rate of magic regeneration.
   Regen++:   It increases your rate of health regeneration.
 D - the ring "Wirattei" (right hand) {Fly rF+++ Will+ Dex-2 Stlth-}
   (You acquired it on level 11 of the Dungeon)

   [ring of willpower]

   Dex-2:     It affects your dexterity (-2).
   rF+++:     It renders you almost immune to fire.
   Will+:     It increases your willpower.
   Fly:       It grants you flight.
   Stlth-:    It makes you less stealthy.
 S - the ring "Zowaq" (left hand) {rC++ EV+5}
   (You acquired it on level 11 of the Dungeon)

   [ring of evasion]

   EV+5:      It affects your evasion (+5).
   rC++:      It greatly protects you from cold.
 X - the amulet of Nilideiss (around neck) {Fly rElec rF+ Regen+}
   (You found it on level 5 of the Lair of Beasts)

   [amulet of regeneration]

   rF+:       It protects you from fire.
   rElec:     It insulates you from electricity.
   Fly:       It grants you flight.
   Regen+:    It increases your rate of health regeneration.
Wands
 c - a wand of flame (20)
   (You found it on level 14 of the Dungeon)
 u - a wand of polymorph (8)
   (You took it off a kobold on level 9 of the Dungeon)
 C - a wand of mindburst (28)
   (You found it on level 6 of the Dungeon)
 F - a wand of digging (5)
   (You found it on level 7 of the Dungeon)
 J - a wand of iceblast (41)
   (You found it on level 9 of the Dungeon)
 Q - a wand of light (6)
   (You took it off Urug on level 11 of the Dungeon)
Scrolls
 e - 6 scrolls of teleportation
 f - a scroll of acquirement
 g - 5 scrolls of immolation {!r}
 k - 2 scrolls of torment {!r}
 n - a scroll of poison
 o - 2 scrolls of fear
 q - a scroll of brand weapon
 v - 3 scrolls of blinking {!r}
 y - 2 scrolls of fog
 B - a scroll of silence
 E - a scroll of amnesia
 U - a scroll of vulnerability {!r!r}
 V - 2 scrolls of revelation
 Z - a scroll of enchant weapon
Potions
 b - 3 potions of magic
 i - 5 potions of brilliance
 j - 5 potions of mutation {!q}
 l - 2 potions of resistance
 r - a potion of might
 t - 8 potions of ambrosia
 w - 3 potions of haste
 z - 3 potions of cancellation
 A - 12 potions of curing
 G - 3 potions of enlightenment
 H - 6 potions of heal wounds
 I - 4 potions of lignification {unknown}
 L - 4 potions of attraction {!q}
 M - a potion of invisibility
Miscellaneous
 T - a lightning rod (4/4)
   (You found it on level 11 of the Dungeon)


   Skills:
 - Level 15.0 Fighting
 - Level 10.0 Armour
 - Level 1.5 Dodging
 - Level 10.0 Stealth
 + Level 12.1 Spellcasting
 - Level 13.0 Conjurations
 - Level 0.7 Transmutations
 - Level 6.0 Ice Magic
 - Level 6.0 Air Magic
 - Level 13.0 Earth Magic
 - Level 10.0 Invocations


You had 7 spell levels left.
You knew the following spells:

 Your Spells              Type           Power      Damage    Failure   Level
a - Sandblast             Erth           100%       2d20      1%          1
b - Brom's Barrelling Bo  Conj/Erth      69%        2d8       1%          4
c - Petrify               Tmut/Erth      49%        N/A       2%          4
d - Bombard               Conj/Erth      34%        9d6       3%          6
e - Freezing Cloud        Conj/Ice/Air   27%        6-21      3%          5
f - Iskenderun's Mystic   Conj/Tloc      47%        2d10      2%          4
x - Stone Arrow           Conj/Erth      100%       3d13      1%          3
z - Lee's Rapid Deconstr  Erth           34%        3d17*     1%          5

Your spell library contained the following spells:

 Spells                   Type           Power      Damage    Failure   Level
 Magic Dart               Conj           100%       1d8       1%          1
 Ensorcelled Hibernation  Hex/Ice        60%        N/A       1%          2
 Passwall                 Tmut/Erth      40%        N/A       1%          2
 Static Discharge         Conj/Air       100%       2-7/arc   1%          2
 Dazzling Flash           Conj/Hex       94%        N/A       1%          3
 Frozen Ramparts          Ice            90%        1d14      1%          3
 Hailstorm                Conj/Ice       58%        3d13      1%          3
 Mephitic Cloud           Conj/Pois/Air  46%        N/A       1%          3
 Animate Armour           Summ/Erth      94%        N/A       2%          4
 Leda's Liquefaction      Hex/Erth       23%        N/A       2%          4
 Arcjolt                  Conj/Air       29%        1d39      2%          5
 Slow                     Hex            60%        N/A       4%          1
 Call Imp                 Summ           30%        N/A       6%          2
 Jinxbite                 Hex            30%        N/A       6%          2
 Ignite Poison            Fire/Tmut/Pois 16%        N/A       11%         3
 Confusing Touch          Hex            15%        N/A       12%         3
 Sigil of Binding         Hex            15%        N/A       12%         3
 Vampiric Draining        Necr           15%        2d7       12%         3
 Volatile Blastmotes      Fire/Tloc      30%        2d12      12%         3
 Summon Lightning Spire   Summ/Air       30%        N/A       12%         4
 Orb of Destruction       Conj           34%        9d10      16%         7
 Silence                  Hex/Air        15%        N/A       32%         5
 Anguish                  Hex/Necr       7%         N/A       36%         4
 Animate Dead             Necr           15%        N/A       36%         4
 Cause Fear               Hex            7%         N/A       36%         4
 Dispel Undead            Necr           15%        3d10      36%         4
 Olgreb's Toxic Radiance  Pois           15%        N/A       36%         4
 Passage of Golubria      Tloc           15%        N/A       36%         4
 Starburst                Conj/Fire      23%        6d8       38%         6
 Agony                    Necr           15%        N/A       73%         5
 Simulacrum               Ice/Necr       15%        N/A       87%         6
 Spellforged Servitor     Conj/Summ      23%        N/A       93%         7
 Haunt                    Necr/Summ      7%         N/A       100%        7
 Monstrous Menagerie      Summ           7%         N/A       100%        7
 Lehudib's Crystal Spear  Conj/Erth      34%        10d9      77%         8
 Infestation              Necr           7%         N/A       100%        8
 Maxwell's Capacitive Co  Air            22%        ∞         100%        8
 Summon Horrible Things   Summ           7%         N/A       100%        8
 Chain Lightning          Conj/Air       29%        3d38      100%        9
 Cigotuvi's Dreadful Rot  Necr/Pois/Air  Unusable   N/A       N/A         2

Dungeon Overview and Level Annotations

Branches:
Dungeon (15/15)            Temple (1/1) D:7            Lair (5/5) D:11
  Swamp (2/4) Lair:3       Spider (0/4) Lair:2        Slime (0/5) Lair:4
    Orc (2/2) D:12            Elf (0/3) Orc:2        Vaults (0/5) D:13
 Depths (0/4) D:15

Altars:
Ashenzari
Cheibriados
Dithmenos
Elyvilon
Fedhas
Gozag
Hepliaklqana
Kikubaaqudgha
Makhleb
Nemelex Xobeh
Okawaru
Qazlal
Ru
Sif Muna
Trog
Uskayaw
Vehumet
Wu Jian
Xom
Yredelemnul
Zin
The Shining One
Jiyva

Shops:
D:1 (   D:14 *   Orc:2 [!=?

Annotations:
Swamp:1 2 transporters


Innate Abilities, Weirdness & Mutations

You are immune to sickness and miasma.
Your stone body is resilient. (AC +12)
You are immune to poison.
Your large and strong wings let you fly.
You resist negative energy. (rN+)
You are resistant to electric shocks. (rElec)
You are resistant to unholy torment.
You are immune to petrification.


Message History

You now have 12/32 mp.
Casting: Stone Arrow (safe; 1% risk of failure)
Confirm with . or Enter, or press ? or * to list all spells.
Aiming: Stone Arrow (safe; 1% risk of failure)
Press: ? - help, Shift-Dir - straight line, f/p - eleionoma
Aim: an eleionoma (almost dead, 78% to hit)
The stone arrow misses the eleionoma.
You now have 9/32 mp.
Casting: Stone Arrow (safe; 1% risk of failure)
Confirm with . or Enter, or press ? or * to list all spells.
Aiming: Stone Arrow (safe; 1% risk of failure)
Press: ? - help, Shift-Dir - straight line, f/p - eleionoma
Aim: an eleionoma (almost dead, 78% to hit)
The stone arrow hits the eleionoma!
Sif Muna accepts your kill.
You hear a splash.
An eleionoma bone magically twists into a wand of iceblast (4).
You now have 6/32 mp.
Magic restored.
J - a wand of iceblast (41) (gained 4 charges)
You see here an eleionoma corpse.
Things that are here:
a +0 robe; a +0 heavy quarterstaff; a spriggan skeleton MP restored: 32 A bunyip comes into view.
A bunyip is nearby!
A bunyip is nearby!
A bunyip is nearby!
You can't see any susceptible monsters within range! (Use Z to cast anyway.)
You can't see any susceptible monsters within range! (Use Z to cast anyway.)
You can't see any susceptible monsters within range! (Use Z to cast anyway.)
You can't see any susceptible monsters within range! (Use Z to cast anyway.)
A goliath frog comes into view.
The bunyip gives a hideous shriek!
The blast of sand hits the bunyip!
The bunyip barely misses you. The bunyip closely misses you. x2
You now have 31/32 mp.
The blast of sand misses the bunyip.
The goliath frog hits you from afar!
You are splashed with acid.
You take 13 damage, and have 95/108 hp.
You now have 30/32 mp.
The blast of sand hits the bunyip!
The goliath frog hits you from afar.
You are splashed with acid!
The bunyip howls a warning cry!
You take 8 damage, and have 87/108 hp.
Casting: Sandblast (safe; 1% risk of failure)
Confirm with . or Enter, or press ? or * to list all spells.
You erupt in a blast of force!
The mystic blast hits the goliath frog but does no damage.
The mystic blast hits the bunyip!
The bunyip is knocked back by the mystic blast.
The bunyip collides with the goliath frog!
The goliath frog hits you from afar! The acid corrodes you!
You are splashed with acid!
The goliath frog hits you from afar.
You are splashed with acid!
The bunyip claws you but does no damage. x2
The bunyip misses you.
You take 37 damage, and have 50/108 hp.
MASSIVE DAMAGE!!
You now have 26/32 mp.
Casting: Iskenderun's Mystic Blast (mildly dangerous; 2% risk of failure)
Confirm with . or Enter, or press ? or * to list all spells.
You erupt in a blast of force!
The mystic blast hits the goliath frog!
The goliath frog is knocked back by the mystic blast.
The mystic blast hits the bunyip.
The bunyip is knocked back by the mystic blast.
The bunyip collides with the goliath frog!
You regained 2 hp, and now have 52/108 hp.
You now have 22/32 mp.
Casting: Iskenderun's Mystic Blast (mildly dangerous; 2% risk of failure)
Confirm with . or Enter, or press ? or * to list all spells.
You erupt in a blast of force!
The mystic blast hits the bunyip.
The bunyip is knocked back by the mystic blast.
The bunyip collides with the goliath frog!
A goliath frog comes into view.
The goliath frog barely misses you.
You now have 18/32 mp.
Casting: Iskenderun's Mystic Blast (mildly dangerous; 2% risk of failure)
Confirm with . or Enter, or press ? or * to list all spells.
You erupt in a blast of force!
The mystic blast hits the bunyip!
The mystic blast hits the goliath frog!
The goliath frog is knocked back by the mystic blast.
You now have 14/32 mp.
The goliath frog attacks as it pursues you!
The goliath frog hits you but does no damage.
The bunyip howls a warning cry!
You regained 2 hp, and now have 59/108 hp.
The goliath frog hits you from afar. The acid corrodes you!
You are splashed with acid!
You take 10 damage, and have 49/108 hp.
The goliath frog hits you but does no damage.
The bunyip claws you. The bunyip claws you!!
* * * LOW HITPOINT WARNING * * *
The bunyip claws you!
* * * LOW HITPOINT WARNING * * *
Things that are here:
a +0 long sword; a +0 robe You take 40 damage, and have 9/108 hp.
MASSIVE DAMAGE!!
There is a stone staircase leading up here.
The goliath frog closely misses you. The goliath frog hits you from afar!
* * * LOW HITPOINT WARNING * * *
You are splashed with acid!
You die...

..♣♣♣♣ ♣..~.♣....~...~~ ~~..~♣
~...~♣♣~..~~~~~~ ~..~~♣♣
♣~.~..~~~~§~ ..~~~.♣♣
♣♣~...§~[~~~~ .~~~~..♣
♣♣~....~~~~~~~ .~..~~♣♣
♣♣.~~~~...~~~~~ ..♣♣♣♣♣♣
♣♣.F~~~~..♣~~~~~ ~~...~~♣♣♣
♣♣♣..§x~~~~.♣~~~~.
~~~~~~~..♣♣♣♣~~♣@~F~~~~~..§~~.
~~~~~~~~..♣♣..♣♣..~~~~~~..~~~
.~†~~~~~~~..~....~~~~~§~~~~~
†~~~~~~~~~~~.§~......~♣.~§~~
.~...~~~~~~~....♣♣♣♣♣♣♣.~~~
.~~~..~~~~~~♣~~~~♣ [~
.§~~...~...♣..~~.♣
.~~~<~.~.♣♣♣...§~♣
.~~~.♣♣♣♣~~♣♣~~~♣♣


You could see a bunyip and 2 goliath frogs.

Vanquished Creatures
  Frances (Swamp:1)
  Gastronok (Lair:1)
  Aizul (Swamp:1)
  Roxanne (D:14)
  A fenstrider witch (Swamp:2)
  Louise (Swamp:1)
  Nessos (Lair:4)
  4 eleionomae
  A bunyip (Swamp:1)
  A dire elephant (Lair:5)
  The ghost of Conn the Destroyer, a journeyman OpFE of Sif Muna (Lair:5)
  The ghost of semem the Grappler, a journeyman NaSh of Gozag (D:12)
  3 vault guards (D:13)
  Erolcha (Orc:2)
  Erica (Lair:1)
  3 hydras
  2 ogre magi (Orc:2)
  2 centaur warriors
  4 two-headed ogres
  A catoblepas (Lair:4)
  2 alligators (Swamp:1)
  10 death yaks
  8 boulder beetles
  2 tengu warriors (D:15)
  Urug (D:11)
  Nergalle (Orc:2)
  A deep elf knight (D:13)
  2 skysharks
  Lodul (D:10)
  A pharaoh ant (Lair:2)
  A spectral anaconda (Lair:5)
  A swamp dragon (Swamp:2)
  5 bog bodies
  An obsidian statue (Lair:5)
  A spriggan druid (Swamp:2)
  2 wizards
  5 necromancers
  4 orc knights
  A lindwurm (Lair:4)
  2 deep elf pyromancers
  8 orc sorcerers
  2 deep elf zephyrmancers (D:15)
  3 manticores
  A will-o-the-wisp (Swamp:1)
  8 ugly things
  A faun (shapeshifter) (D:13)
  25 elephants
  8 cyclopes
  A naga mage (D:15)
  3 black mambas
  2 gargoyles (D:13)
  20 cane toads
  A dire elephant skeleton (Lair:5)
  2 rime drakes (Lair:4)
  An unseen horror (D:11)
  2 kobold demonologists
  2 tengu conjurers (D:14)
  A centaur skeleton (D:15)
  An efreet (D:13)
  Jeremiah (Lair:1)
  7 komodo dragons
  3 meliai (D:15)
  8 trolls
  2 polar bears
  2 tyrant leeches (Swamp:1)
  5 hornets
  2 queen bees
  12 blink frogs
  16 dream sheep
  A snapping turtle (shapeshifter) (D:14)
  2 jumping spiders (Lair:2)
  A spriggan (Swamp:1)
  3 shadows
  9 slime creatures
  2 vampires
  4 basilisks
  2 wraiths (D:13)
  2 water elementals (D:13)
  3 wyverns
  A human (D:13)
  62 yaks
  A steam dragon (D:8)
  2 death yak simulacra (Lair:5)
  2 redbacks (Lair:2)
  5 vampire mosquitoes
  A spectral cane toad (Lair:5)
  5 wargs
  5 swamp worms (Swamp:1)
  4 acid dragons
  9 water moccasins
  A hornet zombie (D:15)
  A meliai simulacrum (D:15)
  2 ice beasts
  A sky beast (D:7)
  2 black bears
  3 swamp drakes
  16 orc warriors
  An elephant zombie (Lair:5)
  12 wolves
  20 ogres
  11 centaurs
  A phantom (D:5)
  An elephant skeleton (Lair:5)
  13 kobold brigands
  2 cane toad simulacra (Lair:5)
  A gnoll sergeant (D:12)
  13 bullfrogs
  4 scorpions
  4 wights (D:8)
  31 killer bees
  An oklob sapling (D:7)
  5 howler monkeys
  2 electric eels
  A gnoll bouda (D:7)
  2 jellies (D:6)
  3 hounds
  18 orc priests
  A sleepcap (D:4)
  An iguana (D:5)
  40 orc wizards
  11 gnolls
  10 adders
  4 shadow imps
  A white imp (D:6)
  2 worms (D:2)
  3 dart slugs
  65 orcs
  3 endoplasms
  3 giant cockroaches
  9 goblins
  6 hobgoblins
  4 jackals
  28 kobolds
  4 quokkas
  6 ball pythons
  3 bats
  3 frilled lizards
  4 rats
  A spectral orc (D:14)
744 creatures vanquished.

Vanquished Creatures (collateral kills)
  10 boulders
10 creatures vanquished.

Vanquished Creatures (others)
  A tengu conjurer (D:14)
  A swamp drake (Swamp:1)
  An orc wizard (Orc:2)
  7 boulders
  2 foxfires (Swamp:1)
12 creatures vanquished.

Grand Total: 766 creatures vanquished

Notes
Turn   | Place    | Note
-------+----------+-------------------------------------------
     0 | D:1      | IndexError the Gargoyle Earth Elementalist began the quest
                  | for the Orb.
     0 | D:1      | Reached XP level 1. HP: 10/10 MP: 3/3
   301 | D:1      | Reached XP level 2. HP: 15/15 MP: 0/5
   391 | D:1      | Found Seggur's Weapon Emporium.
   400 | D:1      | Reached skill level 4 in Earth Magic
   505 | D:1      | Got a curling book
  1082 | D:2      | Reached XP level 3. HP: 8/19 MP: 4/6
  1442 | D:2      | Reached skill level 3 in Spellcasting
  1526 | D:2      | Reached XP level 4. HP: 24/24 MP: 4/8
  1866 | D:2      | Reached skill level 5 in Earth Magic
  2413 | D:3      | Reached XP level 5. HP: 25/28 MP: 4/10
  3588 | D:4      | Reached skill level 4 in Spellcasting
  3912 | D:4      | Reached skill level 6 in Earth Magic
  4099 | D:5      | Entered Level 5 of the Dungeon
  4107 | D:4      | Reached XP level 6. HP: 28/32 MP: 7/12
  4254 | D:5      | Reached skill level 7 in Earth Magic
  4254 | D:5      | Reached XP level 7. HP: 36/36 MP: 10/14
  4357 | D:5      | Found a blossoming altar of Fedhas.
  4364 | D:5      | Reached skill level 5 in Spellcasting
  4525 | D:5      | Found a sacrificial altar of Ru.
  4627 | D:5      | Reached skill level 8 in Earth Magic
  4726 | D:5      | Found a shimmering blue altar of Sif Muna.
  5116 | D:6      | Reached skill level 6 in Spellcasting
  5116 | D:6      | Reached XP level 8. HP: 37/41 MP: 13/17
  5154 | D:6      | Found a glowing golden altar of the Shining One.
  5255 | D:6      | Learned a level 3 spell: Stone Arrow
  5334 | D:6      | Reached skill level 9 in Earth Magic
  5483 | D:6      | Found a shadowy altar of Dithmenos.
  5531 | D:6      | Noticed a troll
  5534 | D:6      | Killed a troll
  5535 | D:6      | Reached skill level 7 in Spellcasting
  5870 | D:5      | Became a worshipper of Sif Muna the Loreminder
  5931 | D:7      | Noticed a wyvern
  5934 | D:7      | Noticed a troll
  5940 | D:6      | Killed a wyvern
  5941 | D:6      | Reached skill level 10 in Earth Magic
  5941 | D:6      | Reached XP level 9. HP: 35/45 MP: 13/20
  5985 | D:7      | Killed a troll
  5986 | D:7      | Reached skill level 8 in Spellcasting
  6130 | D:7      | Found a staircase to the Ecumenical Temple.
  6279 | D:7      | Found a snail-covered altar of Cheibriados.
  6292 | D:7      | Reached skill level 9 in Spellcasting
  6503 | D:7      | Reached * piety under Sif Muna
  6692 | D:7      | Found an iron altar of Okawaru.
  7039 | Temple   | Entered the Ecumenical Temple
  7190 | D:8      | Noticed a hornet
  7193 | D:8      | Killed a hornet
  7194 | D:8      | Reached skill level 10 in Spellcasting
  7254 | D:8      | Found an opulent altar of Gozag.
  7286 | D:8      | Reached skill level 1 in Fighting
  7286 | D:8      | Reached skill level 1 in Conjurations
  7290 | D:8      | Reached skill level 2 in Fighting
  7290 | D:8      | Reached skill level 2 in Conjurations
  7363 | D:8      | Noticed a hornet
  7369 | D:8      | Killed a hornet
  7370 | D:8      | Reached skill level 3 in Fighting
  7370 | D:8      | Reached skill level 3 in Conjurations
  7370 | D:8      | Reached XP level 10. HP: 55/56 MP: 18/24
  7433 | D:8      | Found a broken altar of Ashenzari.
  7741 | D:8      | Reached skill level 4 in Conjurations
  7938 | D:8      | Learned a level 4 spell: Brom's Barrelling Boulder
  7943 | D:8      | Learned a level 4 spell: Petrify
  8037 | D:9      | Reached skill level 4 in Fighting
  8041 | D:9      | Noticed a kobold demonologist
  8058 | D:9      | Killed a kobold demonologist
  8168 | D:9      | Reached skill level 5 in Fighting
  8168 | D:9      | Reached skill level 5 in Conjurations
  8347 | D:9      | Reached skill level 6 in Fighting
  8347 | D:9      | Reached skill level 6 in Conjurations
  8451 | D:9      | Reached ** piety under Sif Muna
  8658 | D:9      | Found a stormy altar of Qazlal.
  8663 | D:9      | Found an ornate altar of the Wu Jian Council.
  8731 | D:9      | Found a burning altar of Makhleb.
  9057 | D:9      | Found a white marble altar of Elyvilon.
  9058 | D:9      | Noticed a two-headed ogre
  9065 | D:9      | Killed a two-headed ogre
  9066 | D:9      | Reached skill level 7 in Fighting
  9066 | D:9      | Reached skill level 7 in Conjurations
  9066 | D:9      | Reached XP level 11. HP: 46/67 MP: 20/25
  9291 | D:10     | Entered Level 10 of the Dungeon
  9444 | D:10     | Noticed Lodul
  9493 | D:10     | Killed Lodul
  9494 | D:10     | Reached skill level 8 in Fighting
  9494 | D:10     | Reached skill level 8 in Conjurations
 10044 | D:10     | Reached skill level 9 in Fighting
 10044 | D:10     | Reached skill level 9 in Conjurations
 10940 | D:11     | Noticed a death yak
 10940 | D:11     | Found a staircase to the Lair.
 11022 | D:11     | Identified 3 scrolls of acquirement
 11022 | D:11     | Acquired the ring "Wirattei" {Fly rF+++ Will+ Dex-2 Stlth-}
 11046 | D:11     | Noticed a two-headed ogre
 11051 | D:11     | Killed a two-headed ogre
 11190 | D:11     | Noticed a death yak
 11191 | D:11     | Noticed a death yak
 11212 | D:10     | Killed a death yak
 11368 | D:11     | Noticed a two-headed ogre
 11375 | D:11     | Killed a two-headed ogre
 11376 | D:11     | Reached skill level 10 in Fighting
 11376 | D:11     | Reached skill level 10 in Conjurations
 11376 | D:11     | Reached skill level 2 in Invocations
 11632 | D:11     | Reached skill level 3 in Invocations
 11654 | D:11     | Found an ornate altar of the Wu Jian Council.
 11693 | D:11     | Killed a death yak
 11694 | D:11     | Reached skill level 4 in Invocations
 11694 | D:11     | Reached XP level 12. HP: 76/78 MP: 10/26
 11703 | D:11     | Noticed a boulder beetle
 11746 | D:11     | HP: 18/78 [boulder beetle (24)]
 11965 | D:10     | Killed a boulder beetle
 12057 | D:10     | Killed a death yak
 12057 | D:10     | Reached *** piety under Sif Muna
 12058 | D:10     | Reached skill level 5 in Invocations
 12235 | D:11     | Noticed Urug
 12260 | D:11     | Killed Urug
 12261 | D:11     | Reached skill level 6 in Invocations
 12868 | D:11     | Acquired the ring "Zowaq" {rC++ EV+5}
 12919 | D:11     | Identified the +4 scale mail of Bisomy {+Blink Stlth+}
 13087 | D:12     | Reached skill level 11 in Fighting
 13140 | D:12     | Noticed a two-headed ogre
 13146 | D:12     | Killed a two-headed ogre
 13220 | D:12     | Reached skill level 7 in Invocations
 13438 | D:12     | Identified the ring "Xudwimp" {Fire +Blink Fly}
 13650 | D:12     | Noticed semem's ghost (journeyman NaSh)
 13656 | D:12     | Found a transporter.
 13656 | D:12     | Found a transporter.
 13678 | D:12     | Reached skill level 8 in Invocations
 13703 | D:12     | Noticed a boulder beetle
 13736 | D:12     | Killed a boulder beetle
 14073 | D:12     | Found a staircase to the Orcish Mines.
 14100 | D:12     | Reached skill level 9 in Invocations
 14790 | D:12     | Reached skill level 12 in Fighting
 14828 | D:12     | Reached **** piety under Sif Muna
 15007 | D:13     | Reached skill level 10 in Invocations
 15118 | D:13     | Noticed a five-headed hydra
 15123 | D:13     | Killed a five-headed hydra
 15124 | D:13     | Reached XP level 13. HP: 79/87 MP: 21/27
 15626 | D:13     | Reached skill level 13 in Fighting
 16344 | Lair:1   | Entered Level 1 of the Lair of Beasts
 16530 | Lair:1   | Reached skill level 14 in Fighting
 16572 | Lair:1   | Noticed Gastronok
 17172 | Lair:1   | Killed Gastronok
 17234 | Lair:1   | Noticed Jeremiah
 17249 | Lair:1   | Killed Jeremiah
 17386 | Lair:1   | Reached skill level 15 in Fighting
 17578 | Lair:1   | Noticed Erica
 17581 | Lair:1   | Killed Erica
 17582 | Lair:1   | Reached skill level 1 in Armour
 17585 | Lair:1   | Reached skill level 3 in Stealth
 17921 | Lair:2   | Reached skill level 2 in Armour
 18185 | Lair:2   | Reached skill level 4 in Stealth
 18227 | Lair:2   | Found a hole to the Spider Nest.
 18231 | Lair:2   | Reached skill level 3 in Armour
 18412 | Lair:2   | Reached ***** piety under Sif Muna
 18413 | Lair:2   | Reached skill level 5 in Stealth
 18415 | Lair:2   | Reached skill level 4 in Armour
 18696 | Lair:2   | Reached skill level 6 in Stealth
 18831 | Lair:2   | Reached skill level 5 in Armour
 18900 | Lair:2   | Gained mutation: Your large and strong wings let you fly.
                  | [Gargoyle growth]
 18900 | Lair:2   | Reached XP level 14. HP: 81/98 MP: 20/28
 19042 | Lair:2   | Identified Sif Muna's Folio of the Volley (Sif Muna gifted
                  | it to you on level 2 of the Lair of Beasts)
 19042 | Lair:2   | Received a gift from Sif Muna
 19168 | Lair:2   | Learned a level 6 spell: Bombard
 19380 | Lair:3   | Found a staircase to the Swamp.
 19426 | Lair:2   | HP: 24/98 [cane toad (8)]
 19776 | Lair:2   | Reached skill level 6 in Armour
 19776 | Lair:2   | Reached skill level 7 in Stealth
 20681 | Lair:4   | Reached skill level 8 in Stealth
 20758 | Lair:4   | Noticed Nessos
 20768 | Lair:4   | Reached skill level 7 in Armour
 20794 | Lair:4   | Found a staircase to the Slime Pits.
 20797 | Lair:4   | Found a viscous altar of Jiyva.
 20808 | Lair:4   | Identified the +5 orcbow of the Grim God {heavy, rF- rN+
                  | rCorr}
 21420 | Lair:4   | Identified Sif Muna's Folio of the Vapourous Commander (Sif
                  | Muna gifted it to you on level 4 of the Lair of Beasts)
 21420 | Lair:4   | Received a gift from Sif Muna
 21603 | Lair:4   | Reached skill level 9 in Stealth
 21619 | Lair:4   | Reached skill level 8 in Armour
 22039 | Lair:4   | Killed Nessos
 22142 | Lair:5   | Entered Level 5 of the Lair of Beasts
 22546 | Lair:4   | Reached skill level 10 in Stealth
 22684 | Lair:4   | Reached skill level 9 in Armour
 23155 | Lair:5   | Learned a level 5 spell: Freezing Cloud
 23204 | Lair:4   | Reached skill level 10 in Armour
 23811 | Lair:5   | HP: 23/98 [elephant (3)]
 23820 | Lair:5   | HP: 23/98 [wyvern (2)]
 24075 | Lair:5   | Reached XP level 15. HP: 95/103 MP: 10/29
 24348 | Lair:4   | Reached skill level 11 in Earth Magic
 24534 | Lair:5   | Reached skill level 11 in Conjurations
 24671 | Lair:5   | Found a runed translucent gate.
 24671 | Lair:5   | Found a runed translucent gate.
 24673 | Lair:5   | Noticed Conn's ghost (journeyman OpFE)
 24867 | Lair:5   | Found a runed translucent gate.
 26154 | Lair:5   | Reached skill level 12 in Earth Magic
 26538 | Lair:5   | Reached skill level 12 in Conjurations
 26718 | Lair:5   | Identified the staff "Wucueck" {Fragile rElec rPois rF+ rN+
                  | Air}
 26735 | Lair:5   | Acquired a book of Iron
 26743 | Lair:5   | Learned a level 5 spell: Lee's Rapid Deconstruction
 26985 | Lair:5   | Killed Conn's ghost
 27236 | Lair:5   | Identified the amulet of Nilideiss {Fly rElec rF+ Regen+}
 27238 | Lair:5   | Upgraded the game from 0.31-a0-851-g7ff8af7976 to
                  | 0.31-a0-858-g469dc525a8
 27421 | Orc:1    | Entered Level 1 of the Orcish Mines
 27667 | Orc:1    | Reached skill level 1 in Ice Magic
 27698 | Orc:1    | Reached skill level 1 in Air Magic
 28040 | Orc:2    | Entered Level 2 of the Orcish Mines
 28647 | Orc:1    | Reached skill level 2 in Ice Magic
 28844 | Orc:1    | Identified Sif Muna's Arcane Knowledge, and How To Use It
                  | (Sif Muna gifted it to you on level 1 of the Orcish Mines)
 28844 | Orc:1    | Received a gift from Sif Muna
 29139 | Orc:2    | Found a staircase to the Elven Halls.
 29362 | Orc:2    | Reached skill level 2 in Air Magic
 29508 | Orc:2    | Found Pitsaen's Distillery.
 29528 | Orc:2    | Found a radiant altar of Vehumet.
 29528 | Orc:2    | Noticed Erolcha
 29535 | Orc:2    | Killed Erolcha
 29536 | Orc:2    | Reached skill level 3 in Ice Magic
 29674 | Orc:2    | Found Dustioxe's Jewellery Emporium.
 29682 | Orc:2    | Noticed Nergalle
 29776 | Orc:2    | Found Rigis's Antique Armour Shoppe.
 29810 | Orc:2    | Found an ancient bone altar of Kikubaaqudgha.
 29840 | Orc:2    | Killed Nergalle
 29962 | Orc:2    | Found Fanaos's Magic Scroll Shoppe.
 29974 | Orc:2    | Reached skill level 3 in Air Magic
 30657 | Orc:2    | Bought a fabulously ornate robe for 148 gold pieces
 30657 | Orc:2    | Identified the +2 robe "Qocoacer" {Will+ Dex+3 Slay+3} (You
                  | bought it in a shop on level 2 of the Orcish Mines)
 30698 | Orc:2    | Bought a potion of brilliance for 60 gold pieces
 30698 | Orc:2    | Bought a potion of heal wounds for 75 gold pieces
 30698 | Orc:2    | Bought a potion of curing for 45 gold pieces
 30727 | Orc:2    | Bought a scroll of identify for 26 gold pieces
 30727 | Orc:2    | Bought a scroll of identify for 26 gold pieces
 30727 | Orc:2    | Bought a scroll of silence for 123 gold pieces
 30727 | Orc:2    | Bought a scroll of identify for 26 gold pieces
 30727 | Orc:2    | Bought a scroll of identify for 26 gold pieces
 30831 | D:12     | Reached skill level 4 in Ice Magic
 30837 | D:12     | Learned a level 4 spell: Iskenderun's Mystic Blast
 30930 | D:12     | Killed semem's ghost
 31082 | D:12     | Identified the ring of Napneo {rF+ Will- Str+4 Int-4
                  | Stlth+}
 31503 | D:13     | Reached skill level 4 in Air Magic
 31603 | D:13     | Found a gate to the Vaults.
 31620 | D:13     | Reached skill level 5 in Ice Magic
 31938 | D:13     | Identified the +3 leather armour "Guocupp" {rCorr MP-9
                  | Int+3 Slay+3}
 32050 | D:14     | Found Zibe's General Store.
 32055 | D:14     | Reached XP level 16. HP: 84/108 MP: 26/30
 32131 | D:14     | Found a blossoming altar of Fedhas.
 32244 | D:13     | HP: 23/108 [acid (8)]
 32248 | D:13     | HP: 11/108 [brown ugly thing (8)]
 32248 | D:13     | HP: 5/108 [acid (6)]
 32493 | D:14     | Reached skill level 6 in Ice Magic
 32693 | D:14     | Reached skill level 5 in Air Magic
 32927 | D:14     | Noticed Roxanne
 33115 | D:14     | Killed Roxanne
 33303 | D:14     | Reached skill level 6 in Air Magic
 33706 | D:14     | Found a hazy altar of Hepliaklqana.
 33870 | D:15     | Entered Level 15 of the Dungeon
 34662 | D:15     | Reached skill level 13 in Earth Magic
 34780 | D:15     | Identified Sif Muna's Notes on Bolts (Sif Muna gifted it to
                  | you on level 15 of the Dungeon)
 34780 | D:15     | Received a gift from Sif Muna
 35252 | D:15     | Found the amulet of Vitality {RegenMP++ Regen++}
 35419 | D:15     | Found a staircase to the Depths.
 35508 | D:15     | Found a white marble altar of Elyvilon.
 35508 | D:15     | Found a glowing silver altar of Zin.
 35508 | D:15     | Found a glowing golden altar of the Shining One.
 35646 | Swamp:1  | Entered Level 1 of the Swamp
 35762 | Lair:3   | Reached skill level 13 in Conjurations
 35938 | Swamp:1  | Noticed Frances
 35954 | Swamp:1  | Killed Frances
 35969 | Swamp:1  | Reached skill level 11 in Spellcasting
 36150 | Swamp:1  | Noticed Aizul
 36161 | Swamp:1  | Killed Aizul
 36368 | Swamp:1  | Found a transporter.
 36396 | Swamp:1  | Found a transporter.
 36760 | Swamp:2  | Noticed Louise
 36783 | Swamp:2  | Noticed a fenstrider witch
 36812 | Swamp:2  | Killed a fenstrider witch
 37026 | Swamp:1  | HP: 27/108 [eleionoma/spray of wooden splinters (34)]
 37028 | Swamp:1  | HP: 13/108 [swamp worm (16)]
 37167 | Swamp:1  | Killed Louise
 37190 | Lair:3   | Reached skill level 12 in Spellcasting
 37574 | Swamp:2  | HP: 25/108 [bunyip (20)]
 37574 | Swamp:2  | HP: 9/108 [bunyip (16)]
 37576 | Swamp:2  | HP: 1/108 [goliath frog (10)]
 37576 | Swamp:2  | Splashed by a goliath frog's acid

Illustrated notes

Levels and vault maps discovered:
D:1:      giann_horns, layout_basic, serial_shops, nicolae_shop_trees,
          grunt_decor_cap, fountainhead
D:2:      layout_basic, grunt_ministairs_14
D:3:      layout_basic, kennysheep_orc_chapel
D:4:      kennysheep_spiral_hall, layout_basic, nicolae_titane
D:5:      layout_rooms, mainiacjoe_overflow_concentric_impassable,
          lemuel_crystal_altar, mainiacjoe_overflow_small_starburst
D:6:      layout_loops_cross, mainiacjoe_overflow_surrounded_room,
          nicolae_dithmenos_the_darkroom
D:7:      layout_basic, mainiacjoe_overflow_24_doors,
          kennysheep_okawaru_gauntlet, minmay_temple_entry_oklob,
          minmay_misc_feat_rows, kennysheep_generic_room_5
D:8:      layout_loops_ring, mainiacjoe_overflow_cross_hatched,
          nicolae_ashenzari_panopticon
D:9:      layout_basic, old_standard_altar, jmf_multi_god_temple,
          general_overflow_altar, serial_rivers, chequers_serial_rivers_micro_e,
          chequers_serial_rivers_marsh, chequers_serial_rivers_small_a,
          chequers_serial_rivers_micro_b
D:10:     layout_roguey, uniq_lodul
D:11:     minmay_weird_star, layout_irregular_city, dpeg_lair_monsters,
          nicolae_wu_jian_wuxing_cycle, uniq_urug
D:12:     layout_gridville, kennysheep_orc_monster_closet_entryway,
          gammafunk_ghost_hive
D:13:     layout_basic, grunt_vaults_entry_fortified
D:14:     layout_gridville, fedhas_altar_1, serial_shops,
          nicolae_shop_hallway_stairs, nicolae_hepliaklqana_monster_ancestors,
          uniq_roxanne
D:15:     grunt_enter_depths_magical_seal, layout_rooms, good_gods_mini_temple,
          minivault_7
Temple:   nicolae_temple_ecumenical_triangle
Lair:1:   layout_chaotic_city, infiniplex_staircase_pool, uniq_erica,
          uniq_gastronok, uniq_jeremiah
Lair:2:   layout_hall_layers, nicolae_spider_entry_lesser_pyramids,
          nzn_sisyphean_effort
Lair:3:   layout_loops_ring, skrybe_swamp_entry_bodies
Lair:4:   layout_long_grid, slime_entry_1, uniq_nessos
Lair:5:   due_jungle_book, layout_cave_shapes, ebering_ghost_rock_garden,
          grunt_megastairs_1
Swamp:1:  gammafunk_worm_tunnel, layout_basic_swamp, hangedman_swamp_ruin_wall,
          swamp_pool5, uniq_frances, uniq_aizul
Swamp:2:  layout_basic_swamp, evilmike_swamp_ruin_rubble_1, uniq_louise
Orc:1:    layout_diamond_mine, nicolae_orc_tapped_out
Orc:2:    kennysheep_orc_mage_school, layout_caves

Skill      XL: |  1  2  3  4  5  6  7  8  9 10 11 12 13 14 15 16 |
---------------+-------------------------------------------------+-----
Earth Magic    | 4 5 6 7 8 10 12 13 | 13.0
Spellcasting   | 3 4 6 7 10 12 | 12.1
Fighting       | 3 7 10 12 15 | 15.0
Conjurations   | 3 7 10 12 13 | 13.0
Invocations    | 4 10 | 10.0
Armour         | 5 10 | 10.0
Stealth        | 6 10 | 10.0
Ice Magic      | 5 6 |  6.0
Air Magic      | 4 6 |  6.0
Dodging        | |  1.5
Transmutations | |  0.7

Action                     |  1- 3 |  4- 6 |  7- 9 | 10-12 | 13-15 | 16-18 || total
---------------------------+-------+-------+-------+-------+-------+-------++-------
  Melee: Dagger            |     4 |    10 |     7 |    65 |   221 |    23 ||   330
         Punch             |       |       |       |     1 |     2 |       ||     3
   Fire: Sling             |    17 |       |       |       |       |       ||    17
   Cast: Sandblast         |    35 |    86 |   116 |   374 |   929 |   220 ||  1760
         Stone Arrow       |       |       |       |    38 |   169 |    55 ||   262
         Brom's Barrelling |       |       |       |     4 |    10 |     5 ||    19
         Bombard           |       |       |       |       |    23 |    45 ||    68
         Lee's Rapid Decon |       |       |       |       |    10 |    14 ||    24
         Freezing Cloud    |       |       |       |       |     4 |     5 ||     9
         Iskenderun's Myst |       |       |       |       |       |     7 ||     7
 Invoke: Channel Magic     |       |       |       |       |     7 |     2 ||     9
  Evoke: Wand              |       |       |       |       |     2 |       ||     2
    Use: Scroll            |       |       |       |    19 |    18 |     3 ||    40
   Stab: Sleeping          |     1 |       |       |       |       |       ||     1
 Armour: Robe              |    12 |    30 |    71 |   340 |  1194 |   283 ||  1930
  Dodge: Dodged            |    10 |    28 |    53 |   262 |  1412 |   264 ||  2029

Table legend: (Time is in decaauts)
 A = Elapsed time spent in this place.
 B = Non-inter-level travel time spent in this place.
 C = Inter-level travel time spent in this place.
 D = Time resting spent in this place.
 E = Time spent auto-exploring this place.
 F = Levels seen in this place.
 G = Mean time per level.
                   A        B        C        D        E       F      G
               +--------+--------+--------+--------+--------+-----+--------+
         Total |  38547 |  34879 |   3668 |    258 |  27701 |  25 | 1541.9 |
       Dungeon |  22291 |  19799 |   2492 |    249 |  16153 |  15 | 1486.1 |
        Temple |     10 |     10 |      0 |      0 |      9 |   1 |   10.0 |
          Lair |  11682 |  10970 |    712 |      0 |   8737 |   5 | 2336.4 |
         Swamp |   1694 |   1548 |    146 |      0 |   1122 |   2 |  847.0 |
  Orcish Mines |   2867 |   2550 |    317 |      9 |   1680 |   2 | 1433.5 |
               +--------+--------+--------+--------+--------+-----+--------+

Top non-repeatable levels by time:
  Lair:5: 3505 daAuts
  Lair:4: 3333 daAuts
    D:13: 2797 daAuts
    D:12: 2390 daAuts
    D:14: 2052 daAuts
    D:10: 1998 daAuts
  Lair:2: 1880 daAuts
  Lair:1: 1842 daAuts
    D:11: 1779 daAuts
   Orc:2: 1700 daAuts
     D:9: 1633 daAuts
 Swamp:1: 1405 daAuts
     D:3: 1174 daAuts
   Orc:1: 1167 daAuts
     D:4: 1143 daAuts

Levels and vault maps discovered:
D:1:      giann_horns, layout_basic, serial_shops, nicolae_shop_trees,
          grunt_decor_cap, fountainhead
D:2:      layout_basic, grunt_ministairs_14
D:3:      layout_basic, kennysheep_orc_chapel
D:4:      kennysheep_spiral_hall, layout_basic, nicolae_titane
D:5:      layout_rooms, mainiacjoe_overflow_concentric_impassable,
          lemuel_crystal_altar, mainiacjoe_overflow_small_starburst
D:6:      layout_loops_cross, mainiacjoe_overflow_surrounded_room,
          nicolae_dithmenos_the_darkroom
D:7:      layout_basic, mainiacjoe_overflow_24_doors,
          kennysheep_okawaru_gauntlet, minmay_temple_entry_oklob,
          minmay_misc_feat_rows, kennysheep_generic_room_5
D:8:      layout_loops_ring, mainiacjoe_overflow_cross_hatched,
          nicolae_ashenzari_panopticon
D:9:      layout_basic, old_standard_altar, jmf_multi_god_temple,
          general_overflow_altar, serial_rivers, chequers_serial_rivers_micro_e,
          chequers_serial_rivers_marsh, chequers_serial_rivers_small_a,
          chequers_serial_rivers_micro_b
D:10:     layout_roguey, uniq_lodul
D:11:     minmay_weird_star, layout_irregular_city, dpeg_lair_monsters,
          nicolae_wu_jian_wuxing_cycle, uniq_urug
D:12:     layout_gridville, kennysheep_orc_monster_closet_entryway,
          gammafunk_ghost_hive
D:13:     layout_basic, grunt_vaults_entry_fortified
D:14:     layout_gridville, fedhas_altar_1, serial_shops,
          nicolae_shop_hallway_stairs, nicolae_hepliaklqana_monster_ancestors,
          uniq_roxanne
D:15:     grunt_enter_depths_magical_seal, layout_rooms, good_gods_mini_temple,
          minivault_7
Temple:   nicolae_temple_ecumenical_triangle
Lair:1:   layout_chaotic_city, infiniplex_staircase_pool, uniq_erica,
          uniq_gastronok, uniq_jeremiah
Lair:2:   layout_hall_layers, nicolae_spider_entry_lesser_pyramids,
          nzn_sisyphean_effort
Lair:3:   layout_loops_ring, skrybe_swamp_entry_bodies
Lair:4:   layout_long_grid, slime_entry_1, uniq_nessos
Lair:5:   due_jungle_book, layout_cave_shapes, ebering_ghost_rock_garden,
          grunt_megastairs_1
Swamp:1:  gammafunk_worm_tunnel, layout_basic_swamp, hangedman_swamp_ruin_wall,
          swamp_pool5, uniq_frances, uniq_aizul
Swamp:2:  layout_basic_swamp, evilmike_swamp_ruin_rubble_1, uniq_louise
Orc:1:    layout_diamond_mine, nicolae_orc_tapped_out
Orc:2:    kennysheep_orc_mage_school, layout_caves

Table legend: (Time is in decaauts)
 A = Elapsed time spent in this place.
 B = Non-inter-level travel time spent in this place.
 C = Inter-level travel time spent in this place.
 D = Time resting spent in this place.
 E = Time spent auto-exploring this place.
 F = Levels seen in this place.
 G = Mean time per level.
                   A        B        C        D        E       F      G
               +--------+--------+--------+--------+--------+-----+--------+
         Total |  38547 |  34879 |   3668 |    258 |  27701 |  25 | 1541.9 |
       Dungeon |  22291 |  19799 |   2492 |    249 |  16153 |  15 | 1486.1 |
        Temple |     10 |     10 |      0 |      0 |      9 |   1 |   10.0 |
          Lair |  11682 |  10970 |    712 |      0 |   8737 |   5 | 2336.4 |
         Swamp |   1694 |   1548 |    146 |      0 |   1122 |   2 |  847.0 |
  Orcish Mines |   2867 |   2550 |    317 |      9 |   1680 |   2 | 1433.5 |
               +--------+--------+--------+--------+--------+-----+--------+

Top non-repeatable levels by time:
  Lair:5: 3505 daAuts
  Lair:4: 3333 daAuts
    D:13: 2797 daAuts
    D:12: 2390 daAuts
    D:14: 2052 daAuts
    D:10: 1998 daAuts
  Lair:2: 1880 daAuts
  Lair:1: 1842 daAuts
    D:11: 1779 daAuts
   Orc:2: 1700 daAuts
     D:9: 1633 daAuts
 Swamp:1: 1405 daAuts
     D:3: 1174 daAuts
   Orc:1: 1167 daAuts
     D:4: 1143 daAuts

Table legend:
 A = Kills in this place as a percentage of kills in the entire game.
 B = Kills by you in this place as a percentage of kills by you in the entire game.
 C = Kills by friends in this place as a percentage of kills by friends in the entire game.
 D = Other kills in this place as a percentage of other kills in the entire game.
 E = Experience gained in this place as a percentage of experience gained in the entire game.
 F = Experience gained in this place divided by the number of levels of this place that you have seen.
                   A       B       C       D       E      F
               +-------+-------+-------+-------+-------+----------------------
         Total | 100.0 | 100.0 |   N/A | 100.0 | 100.0 | 6894.0
       Dungeon |  53.7 |  53.6 |   N/A | 100.0 |  41.3 | 4749.7
          Lair |  28.3 |  28.4 |   N/A |   0.0 |  42.6 | 14699.2
         Swamp |   3.5 |   3.5 |   N/A |   0.0 |   9.4 | 8140.0
  Orcish Mines |  14.5 |  14.5 |   N/A |   0.0 |   6.6 | 5664.5
               +-------+-------+-------+-------+-------+----------------------
